 Dungeon Crawl Stone Soup version 0.21.1-1-g345015f (webtiles) character file.

273 inc the Scratcher (level 6, -4/25 HPs)
             Began as a Felid Transmuter on Mar 13, 2018.
             Slain by a wyvern (17 damage)
             ... on level 4 of the Dungeon.
             The game lasted 00:05:54 (4063 turns).

inc the Scratcher (Felid Transmuter)                Turns: 4063, Time: 00:05:55

Health: -4/25      AC:  2    Str:  6    XL:     6   Next: 3%
Magic:  8/10       EV: 21    Int: 20    God:
Gold:   152        SH:  0    Dex: 19    Spells: 3/9 levels left
                                        Lives:  0   Deaths: 1

rFire    . . .     SeeInvis +     - Unarmed
rCold    . . .     Gourm    .   (shield unavailable)
rNeg     . . .     Faith    .   (armour unavailable)
rPois    .         Spirit   .   (helmet unavailable)
rElec    .         Reflect  .   (cloak unavailable)
rCorr    .         Harm     .   (gloves unavailable)
MR       .....                  (boots unavailable)
Stlth    ++........             (no amulet)
HPRegen  0.08/turn              d - +6 ring of intelligence
MPRegen  0.12/turn              (no ring)

@: quick
A: very small, no armour, no weapons or thrown items, stealth, claws 1, fangs 3,
see invisible, carnivore, speed 1, shaggy fur 2, slow metabolism 1, sharp paws
a: no special abilities


You were on level 4 of the Dungeon.
You were not hungry.

You visited 1 branch of the dungeon, and saw 4 of its levels.

You collected 152 gold pieces.

Inventory:

Missiles
 a - 21 arrows
Jewellery
 d - a +6 ring of intelligence (left paw)
Wands
 j - a wand of acid (6)
 m - a wand of paralysis (12)
Scrolls
 f - 2 scrolls of enchant weapon {unknown}
 k - a scroll of teleportation {unknown}
 n - a scroll of fear {unknown}
 o - a scroll of identify {unknown}
 p - a scroll of magic mapping {unknown}
Potions
 e - 2 potions of curing
 g - a potion of haste {unknown}
 h - a potion of magic {unknown}
 i - a potion of mutation {unknown}
 l - a potion of ambrosia {unknown}
Books
 b - a book of Changes

   Spells                             Type                      Level
   a - Beastly Appendage              Transmutation                1
   b - Sticks to Snakes               Transmutation                2
   c - Spider Form                    Transmutation/Poison         3
   d - Ice Form                       Ice/Transmutation            4
   e - Blade Hands                    Transmutation                5
Comestibles
 c - 5 rations


   Skills:
 - Level 1.0 Fighting
 + Level 5.3 Dodging
 - Level 5.5 Unarmed Combat
 - Level 2.0 Spellcasting
 - Level 4.6 Transmutations


You had 3 spell levels left.
You knew the following spells:

 Your Spells              Type           Power        Failure   Level  Hunger
a - Beastly Appendage     Tmut           ###...       2%          1    #......
b - Sticks to Snakes      Tmut           ###.....     3%          2    ##.....
c - Spider Form           Tmut/Pois      ##........   19%         3    ###....


Dungeon Overview and Level Annotations

Branches:
Dungeon (4/15)
 Temple: D:4-7

Altars:
The Shining One


Innate Abilities, Weirdness & Mutations

You cannot wear armour.
You are incapable of wielding weapons or throwing items.
Your paws allow you to move quietly. (Stealth)
You have sharp claws.
You have razor-sharp teeth.
You have supernaturally acute eyesight. (SInv)
You are carnivorous and can eat meat at any time.
You cover ground quickly.
You are covered in thick fur. (AC +2)
You have a slow metabolism.
Your sharp claws are effective at attacking unaware monsters.


Message History

p - a scroll labeled FYIKYI WESEG Your transformation has ended.
A worker ant comes into view.
A worker ant is nearby!
A wyvern comes into view.
You catch the helpless worker ant completely off-guard!
You claw the worker ant!
The worker ant is heavily wounded.
The worker ant closely misses you. The worker ant misses you.
The wyvern hisses angrily.
You claw the worker ant!
You kill the worker ant!
Welcome back to level 6!
The wyvern misses you.
You barely miss the wyvern. The wyvern misses you.
Casting: Spider Form
Confirm with . or Enter, or press ? or * to list all spells.
You create a snake!
You now have 21 arrows.
The wyvern bites you! x2
Ouch! That really hurt!
You die...

###....#. ....
......... .... #..... #
#..# #....# .. ##..
##...## ...####..#
..##...## #........#
#..#...### .......l.#
#......... #...@S###
##......##
##.†....#####..######
#.#.......#...## #
#..#....#.......# ##
#.. #...###...#..####.
.... #..## #....#..##..
##.. ....#
##...........
#...##.####..#..##.....
##. #..##.###.####


You could see a wyvern and a friendly adder.

Vanquished Creatures
  An ogre (D:4)
  A bullfrog (D:2)
  The ghost of inc the Scratcher, a weakling FeTm (D:3)
  Jessica (D:2)
  Natasha (D:2)
  2 orc wizards (D:3)
  A worker ant (D:4)
  An adder (D:4)
  3 oozes (D:1)
  An adder zombie (D:3)
  2 worms (D:3)
  3 dart slugs
  2 leopard geckos
  7 orcs
  7 giant cockroaches
  5 goblins
  3 hobgoblins
  13 jackals
  5 kobolds
  A quokka (D:3)
  2 ball pythons
  11 bats
  3 frilled lizards
  10 rats
87 creatures vanquished.

Vanquished Creatures (collateral kills)
  A kobold (D:3)
1 creature vanquished.

Grand Total: 88 creatures vanquished

Notes
Turn   | Place    | Note
-------+----------+-------------------------------------------
     0 | D:1      | inc the Felid Transmuter began the quest for the Orb.
     0 | D:1      | Reached XP level 1. HP: 9/9 MP: 4/4
     1 | D:1      | Found a runed door.
   301 | D:1      | Reached XP level 2. HP: 6/12 MP: 6/6
  1165 | D:1      | Reached XP level 3. HP: 5/15 MP: 7/7
  1383 | D:2      | Noticed a bullfrog
  1391 | D:2      | Killed a bullfrog
  1391 | D:2      | Reached skill level 5 in Unarmed Combat
  1391 | D:2      | Reached XP level 4. HP: 8/19 MP: 8/8
  1575 | D:2      | Learned a level 2 spell: Sticks to Snakes
  1579 | D:2      | Learned a level 3 spell: Spider Form
  1738 | D:2      | Noticed Natasha
  2236 | D:2      | Noticed Jessica
  2243 | D:2      | Killed Jessica
  2243 | D:2      | Reached XP level 5. HP: 19/22 MP: 3/9
  2585 | D:2      | Killed Natasha
  3049 | D:3      | Noticed inc's ghost (weakling FeTm)
  3567 | D:3      | Killed inc's ghost
  3567 | D:3      | Gained mutation: You are covered in thick fur. (AC +2) [Felid growth]
  3567 | D:3      | Reached XP level 6. HP: 20/25 MP: 0/10
  3758 | D:3      | Found a glowing golden altar of the Shining One.
  3993 | D:4      | Killed from afar by an orc wizard
  3994 | D:4      | Reached XP level 5. HP: -2/22 MP: 7/9
  4007 | D:4      | Noticed an ogre
  4018 | D:4      | Killed an ogre
  4018 | D:4      | Reached skill level 5 in Dodging
  4057 | D:4      | Noticed a wyvern
  4060 | D:4      | Reached XP level 6. HP: 25/25 MP: 10/10
  4063 | D:4      | Slain by a wyvern

Skill      XL: |  1  2  3  4  5 |
---------------+----------------+-----
Unarmed Combat | 4 5 |  5.5
Transmutations | 4 |  4.6
Dodging        | 5 |  5.3
Fighting       | |  1.0
Spellcasting   | |  2.0

Action                   |  1- 3 |  4- 6 || total
-------------------------+-------+-------++-------
Melee: Unarmed           |    98 |   189 ||   287
       Bite              |     7 |     9 ||    16
       Punch             |     2 |     1 ||     3
 Cast: Spider Form       |       |    10 ||    10
       Sticks to Snakes  |       |     7 ||     7
       Beastly Appendage |       |     1 ||     1
  Use: Potion            |     3 |       ||     3
 Stab: Sleeping          |     6 |     4 ||    10
       Distracted        |       |     2 ||     2
  Eat: Chunk             |       |     4 ||     4
       Ration            |       |     1 ||     1
Armor: Skin              |     7 |    10 ||    17
Dodge: Dodged            |    67 |   142 ||   209
